 Dungeon Crawl Stone Soup version 0.31.0-11-ge490571c62 (webtiles) character file.

Game seed: 3579987761487182785

1 Gadfly the Ruffian (level 1, -1/15 HPs)
             Began as a Demonspawn Shapeshifter on Jan 27, 2024.
             Slain by a gnoll
             ... wielding a +0 club
              (6 damage)
             ... on level 1 of the Dungeon.
             The game lasted 00:00:18 (120 turns).

Gadfly the Ruffian (Demonspawn Shapeshifter)         Turns: 120, Time: 00:00:18

Health: -1/15      AC:  2    Str: 14    XL:     1   Next: 16%
Magic:  1/1        EV: 12    Int: 10    God:
Gold:   0          SH:  0    Dex: 12    Spells: 0/0 levels left

rFire   . . .        b - +1 dagger (venom)
rCold   . . .        (no shield)
rNeg    . . .        a - +0 animal skin
rPois   .            (helmet currently unavailable)
rElec   .            (cloak currently unavailable)
rCorr   .            (gloves currently unavailable)
SInv    .            (boots currently unavailable)
Will    .....        (no amulet)
Stlth   +            (no ring)
HPRegen 0.22/turn    (no ring)
MPRegen 0.07/turn

%: no passive effects
@: beast-form
A: beast (slay +1)
a: Begin Untransformation


You were on level 1 of the Dungeon.
You were a hulking beast.
You visited 1 branch of the dungeon, and saw 1 of its levels.

Inventory:

Hand Weapons
 b - a +1 dagger of venom (weapon)
 g - a +2 dagger of draining
Armour
 a - a +0 animal skin (worn)
Jewellery
 f - an amulet of magic regeneration
Talismans
 c - a beast talisman
 d - a flux talisman
Scrolls
 e - a scroll of enchant armour {unknown}
Potions
 h - a potion of lignification


   Skills:
 + Level 1.0 Fighting
 * Level 1.8 Dodging
 + Level 2.7 Unarmed Combat
 * Level 0.1 Evocations
 + Level 2.6 Shapeshifting


You couldn't memorise any spells.
You didn't know any spells.
Your spell library was empty.

Dungeon Overview and Level Annotations

Branches:
Dungeon (1/15)

Altars:


Message History

b - a +1 dagger of venom;
h - a potion of lignification You see here a goblin corpse.
Your +1 dagger of venom begins to drip with poison!
b - a +1 dagger of venom (weapon)
Your +1 dagger of venom stops dripping with poison.
You are now empty-handed.
Your +1 dagger of venom begins to drip with poison!
b - a +1 dagger of venom (weapon)
A gnoll comes into view. It is wielding a +0 club.
You see here 9 stones.
A gnoll is nearby!
A gnoll is nearby!
You hit the gnoll.
The gnoll is poisoned.
The gnoll is moderately wounded.
The gnoll hits you with a +0 club.
You barely miss the gnoll.
The gnoll is moderately wounded.
The gnoll barely misses you.
You barely miss the gnoll.
The gnoll is moderately wounded.
The gnoll hits you with a +0 club.
* * * LOW HITPOINT WARNING * * *
You are too injured to fight recklessly!
You are too injured to fight recklessly!
You are too injured to fight recklessly!
You are too injured to fight recklessly!
You are too injured to fight recklessly!
You are too injured to fight recklessly!
You are too injured to fight recklessly!
You are too injured to fight recklessly!
You are too injured to fight recklessly!
You are too injured to fight recklessly!
You are too injured to fight recklessly!
You are too injured to fight recklessly!
Unknown command.
You hit the gnoll but do no damage.
The gnoll looks even sicker.
The gnoll is heavily wounded.
The gnoll hits you but does no damage. The gnoll attacks as it pursues you!
The gnoll hits you with a +0 club.
You die...

####.#.##.....#
........♣.♣.♣.♣
######..#.....#
#...#.♣.♣.♣#♣ #.#.#.#.#.#
########. ###.#.#.#.#.#
##........ ....#.#.#.#.#
#.........
#####.#.#>#.####.........
#.#.# #..†(.hg.......
#.#.# ##.............
..#.#....#...........
######.#.........
.............
##....#+#####. #.....
#.##...


You could see a gnoll (very poisoned).

Vanquished Creatures
  A goblin (D:1)
1 creature vanquished.

Notes
Turn   | Place    | Note
-------+----------+-------------------------------------------
     0 | D:1      | Gadfly the Demonspawn Shapeshifter began the quest for the
                  | Orb.
     0 | D:1      | Reached XP level 1. HP: 15/15 MP: 1/1
   120 | D:1      | Slain by a gnoll

Illustrated notes

Levels and vault maps discovered:
D:1:      onia_arrival_mini_maze_b, layout_basic, serial_forest,
          infiniplex_forest_lined_4_way, infiniplex_forest_side_room,
          infiniplex_forest_lined_room_2, infiniplex_forest_clump_long,
          infiniplex_forest_straight_3, infiniplex_forest_lined_2,
          infiniplex_forest_end_double, infiniplex_forest_straight_4

Action                     || total
---------------------------++-------
  Melee: Dagger            ||     4
         Unarmed           ||     1
 Armour: Animal skin       ||     4
  Dodge: Dodged            ||     1
